 Dungeon Crawl Stone Soup version 0.26-b1-32-g5d43845 (webtiles) character file.

Game seed: 2863826450860426516

6563 arb the Magician (level 11, 0/81 HPs)
             Began as a Gnoll Venom Mage on Jan 12, 2021.
             Was an Elder of Cheibriados.
             Hit by a large rock thrown by a stone giant (44 damage)
             ... on level 1 of the Orcish Mines.
             The game lasted 00:29:57 (13075 turns).

arb the Magician (Gnoll Venom Mage)                Turns: 13075, Time: 00:29:59

Health: 0/81       AC:  7    Str: 21    XL:     11   Next: 1%
Magic:  11/22      EV: 19    Int: 36    God:    Cheibriados [****..]
Gold:   879        SH:  0    Dex: 26    Spells: 9/25 levels left

rFire    . . .     SeeInvis .   S - +2 dagger (elec)
rCold    + . .     Faith    .   (no shield)
rNeg     . . .     Spirit   .   T - +2 leather armour {rC+}
rPois    .         Reflect  .   (no helmet)
rElec    .         Harm     .   (no cloak)
rCorr    .         Rampage  .   (no gloves)
Will     .....                  H - +0 pair of boots
Stlth    ++++......             (no amulet)
HPRegen  0.23/turn              O - +6 ring of intelligence
MPRegen  0.18/turn              (no ring)

@: radiating poison, very slow
A: distributed training, fangs 1, strong nose
a: Renounce Religion, Bend Time, Temporal Distortion, Slouch


You were on level 1 of the Orcish Mines.
You worshipped Cheibriados.
Cheibriados was greatly pleased with you.
You visited 3 branches of the dungeon, and saw 11 of its levels.

You collected 879 gold pieces.

Inventory:

Hand Weapons
 r - a +0 rapier
 v - a +1 quarterstaff
 x - a +1 whip of freezing
 J - a cursed -3 hand axe
 N - a +1 spear of venom
 R - a +2 flail of holy wrath
 S - a +2 dagger of electrocution (weapon)
Missiles
 f - 2 throwing nets
 h - 39 poisoned darts (quivered)
 l - 112 sling bullets
 m - 130 bolts
 s - 59 arrows
Armour
 i - a +0 leather armour
 k - a +0 scale mail
 A - the +0 ring mail of a treasure trove {rElec rC- rCorr SInv Stlth+}
   (You found it on level 5 of the Dungeon)

   It makes you vulnerable to cold.
   It insulates you from electricity.
   It lets you see invisible.
   It provides partial protection from all sources of acid and corrosion.
   It makes you more stealthy.
 H - a +0 pair of boots (worn)
 T - a +2 leather armour of cold resistance (worn)
Jewellery
 O - a +6 ring of intelligence (left hand)
Wands
 F - a wand of acid (3)
 K - a wand of iceblast (6)
 L - a wand of enslavement (8)
Scrolls
 a - a scroll of blinking
 c - 3 scrolls of fear
 e - 3 scrolls of magic mapping
 g - a scroll of enchant weapon
 p - 2 scrolls of amnesia
 q - a scroll of fog {unknown}
 t - 4 scrolls of remove curse
 y - a scroll of teleportation
 C - 2 scrolls of enchant armour {unknown}
 G - 2 scrolls of identify
 P - a scroll of immolation {unknown}
 Q - a scroll of silence {unknown}
Potions
 b - 4 potions of curing
 d - a potion of mutation
 j - a potion of heal wounds
 n - a potion of magic
 o - 2 potions of haste
 u - a potion of lignification
 w - a potion of flight
 z - 2 potions of brilliance
 B - a potion of might {unknown}
 E - 2 potions of ambrosia {unknown}
 I - a potion of degeneration {unknown}
 M - a potion of cancellation {unknown}


   Skills:
 + Level 5.8 Fighting
 + Level 5.8 Short Blades
 + Level 5.8 Long Blades
 + Level 5.8 Axes
 + Level 5.8 Maces & Flails
 + Level 5.8 Polearms
 + Level 5.8 Staves
 + Level 5.8 Slings
 + Level 5.8 Bows
 + Level 5.8 Crossbows
 + Level 5.8 Throwing
 + Level 5.8 Armour
 + Level 7.5 Dodging
 + Level 7.2 Stealth
 + Level 5.8 Shields
 + Level 5.8 Unarmed Combat
 + Level 7.8 Spellcasting
 + Level 4.8 Conjurations
 + Level 4.8 Hexes
 + Level 4.8 Summonings
 + Level 4.8 Necromancy
 + Level 4.8 Translocations
 + Level 5.3 Transmutations
 + Level 4.8 Fire Magic
 + Level 4.8 Ice Magic
 + Level 4.8 Air Magic
 + Level 4.8 Earth Magic
 + Level 7.4 Poison Magic
 + Level 6.4 Invocations
 + Level 5.8 Evocations


You had 9 spell levels left.
You knew the following spells:

 Your Spells              Type           Power        Failure   Level
a - Sting                 Tmut/Pois      100%         1%          1
b - Poisonous Vapours     Pois/Air       100%         1%          2
c - Mephitic Cloud        Conj/Pois/Air  53%          1%          3
d - Ignite Poison         Fire/Tmut/Pois 54%          1%          3
e - Stone Arrow           Conj/Erth      96%          1%          3
f - Olgreb's Toxic Radia  Pois           61%          1%          4

Your spell library contained the following spells:

 Spells                   Type           Power        Failure   Level
 Beastly Appendage        Tmut           100%         1%          1
 Petrify                  Tmut/Erth      50%          4%          4
 Dragon Form              Tmut           25%          97%         7


Dungeon Overview and Level Annotations

Branches:
Dungeon (9/15)             Temple (1/1) D:5             Orc (1/2) D:9
   Lair: D:8-11

Altars:
Ashenzari
Cheibriados
Dithmenos
Elyvilon
Fedhas
Gozag
Hepliaklqana
Kikubaaqudgha
Makhleb
Nemelex Xobeh
Okawaru
Qazlal
Ru
Sif Muna
Trog
Uskayaw
Vehumet
Wu Jian
Xom
Yredelemnul
Zin
The Shining One
Beogh

Shops:
D:9 [

Annotations:
D:7 3 runed translucent doors, FromWork's ghost, novice DEBe
Orc:1 Jorgrun


Innate Abilities, Weirdness & Mutations

Your experience applies equally to all skills.
You have very sharp teeth.
Your uncanny sense of smell can sniff out nearby items.


Message History

The orc warrior seems to burn from within!!
You kill the orc warrior!
Cheibriados thoroughly appreciates the change of pace.
The orc wizard seems to burn from within!!!
You kill the orc wizard!
Cheibriados thoroughly appreciates the change of pace.
The orc warrior seems to burn from within!!
You kill the orc warrior!
Cheibriados appreciates the change of pace.
The orc wizard seems to burn from within!!
You kill the orc wizard!
Cheibriados thoroughly appreciates the change of pace.
The orc knight seems to burn from within!!
The orc knight is heavily wounded.
The stone giant seems to burn from within!!!
The stone giant is severely wounded.
The orc knight is poisoned.
The stone giant is poisoned.
The stone giant throws a large rock.
The large rock hits you!!!
Ouch! That really hurt!
You die...

...... ....# $.C... h...∆.
##..... #)...o. ......##...#.#)
##........))_.. ####
#..........).[. # #..##
#..........#
#.###<.####..>.@....#
...#.....#.##.$.....#
.............#..>....###
..........#.##.........##
..........#..#..........## ###
.................#.......####.##
.....#.........###........##...#
..#.####..>...####........##..##
.... #..........#.............#


You could see a stone giant (poisoned), an orc knight (poisoned) and a warg.

Vanquished Creatures
  A two-headed ogre (D:9)
  Pikel (D:4)
  An orc sorcerer (Orc:1)
  Grinder (D:6)
  A troll (D:9)
  6 yaks (D:9)
  A water moccasin (D:7)
  2 sky beasts (D:8)
  11 orc warriors
  A hornet zombie (D:8)
  2 phantoms
  7 ogres
  2 centaurs (D:9)
  A lemure (D:3)
  3 bullfrogs
  A gnoll sergeant (D:9)
  3 scorpions
  A wight (D:9)
  A centaur zombie (D:6)
  A quasit (D:9)
  6 orc priests
  A gnoll shaman (D:4)
  4 hounds
  2 jellies
  A bullfrog skeleton (D:8)
  An iguana (D:9)
  13 orc wizards
  6 worker ants
  A hound zombie (D:8)
  A hound skeleton (D:9)
  9 gnolls
  2 howler monkey zombies
  6 adders
  A shadow imp (D:9)
  3 white imps
  An adder zombie (D:9)
  An ooze (D:3)
  3 adder skeletons
  A worm (D:2)
  2 dart slugs
  6 leopard geckos
  36 orcs
  A ball python (D:2)
  6 giant cockroaches
  9 goblins
  10 hobgoblins
  15 jackals
  3 quokkas
  6 bats
  7 frilled lizards
  A jackal zombie (D:7)
  8 kobolds
  A leopard gecko skeleton (D:4)
  A quokka skeleton (D:4)
  A quokka zombie (D:7)
  8 rats
232 creatures vanquished.

Notes
Turn   | Place    | Note
-------+----------+-------------------------------------------
     0 | D:1      | arb the Gnoll Venom Mage began the quest for the Orb.
     0 | D:1      | Reached XP level 1. HP: 13/13 MP: 6/6
   177 | D:1      | Reached XP level 2. HP: 19/19 MP: 5/7
  1145 | D:1      | Learned a level 2 spell: Poisonous Vapours
  1205 | D:2      | Reached XP level 3. HP: 25/25 MP: 7/9
  1225 | D:2      | Reached skill level 5 in Spellcasting
  1476 | D:2      | Reached skill level 1 in Invocations
  1479 | D:2      | Reached skill level 1 in Fighting
  1479 | D:2      | Reached skill level 1 in Short Blades
  1479 | D:2      | Reached skill level 1 in Long Blades
  1479 | D:2      | Reached skill level 1 in Axes
  1479 | D:2      | Reached skill level 1 in Maces & Flails
  1479 | D:2      | Reached skill level 1 in Polearms
  1479 | D:2      | Reached skill level 1 in Staves
  1479 | D:2      | Reached skill level 1 in Slings
  1479 | D:2      | Reached skill level 1 in Bows
  1479 | D:2      | Reached skill level 1 in Crossbows
  1479 | D:2      | Reached skill level 1 in Throwing
  1479 | D:2      | Reached skill level 1 in Armour
  1479 | D:2      | Reached skill level 1 in Shields
  1479 | D:2      | Reached skill level 1 in Unarmed Combat
  1479 | D:2      | Reached skill level 1 in Evocations
  1571 | D:2      | Reached XP level 4. HP: 32/32 MP: 9/11
  2125 | D:3      | Reached skill level 1 in Conjurations
  2125 | D:3      | Reached skill level 1 in Hexes
  2125 | D:3      | Reached skill level 1 in Summonings
  2125 | D:3      | Reached skill level 1 in Necromancy
  2125 | D:3      | Reached skill level 1 in Translocations
  2125 | D:3      | Reached skill level 1 in Fire Magic
  2125 | D:3      | Reached skill level 1 in Ice Magic
  2125 | D:3      | Reached skill level 1 in Air Magic
  2125 | D:3      | Reached skill level 1 in Earth Magic
  2598 | D:3      | Reached XP level 5. HP: 37/37 MP: 9/12
  2619 | D:3      | Found an ancient bone altar of Kikubaaqudgha.
  2629 | D:3      | Found an opulent altar of Gozag.
  2699 | D:3      | Found a hide-covered altar of Uskayaw.
  2752 | D:3      | Found a glowing silver altar of Zin.
  2848 | D:4      | Noticed a lemure
  2848 | D:4      | Noticed an ogre
  2849 | D:4      | Noticed a lemure
  2887 | D:3      | Killed a lemure
  3458 | D:4      | Found a sparkling altar of Nemelex Xobeh.
  3526 | D:4      | Killed an ogre
  3527 | D:4      | Reached XP level 6. HP: 44/44 MP: 9/13
  3576 | D:4      | Learned a level 3 spell: Mephitic Cloud
  3609 | D:4      | Noticed Pikel
  3649 | D:4      | Killed Pikel
  3650 | D:4      | Reached skill level 5 in Dodging
  3650 | D:4      | Reached skill level 5 in Stealth
  3650 | D:4      | Reached XP level 7. HP: 15/51 MP: 9/15
  4156 | D:4      | Reached XP level 8. HP: 43/57 MP: 1/16
  4778 | D:5      | Entered Level 5 of the Dungeon
  5005 | D:5      | Found a staircase to the Ecumenical Temple.
  5014 | D:5      | Found a sacrificial altar of Ru.
  5029 | Temple   | Entered the Ecumenical Temple
  5224 | Temple   | Became a worshipper of Cheibriados the Contemplative
  5462 | D:5      | Got a polished ring mail
  5473 | D:5      | Identified the cursed +0 ring mail of a treasure trove
                  | {rElec rC- rCorr SInv Stlth+} (You found it on level 5 of
                  | the Dungeon)
  6376 | D:6      | Noticed Grinder
  6556 | D:6      | Found a burning altar of Makhleb.
  7222 | D:7      | Reached * piety under Cheibriados
  7382 | D:7      | Identified Zupov's Disquisition on Shifting Clay
  7388 | D:7      | Learned a level 3 spell: Ignite Poison
  7392 | D:7      | Learned a level 3 spell: Stone Arrow
  7988 | D:7      | Reached XP level 9. HP: 61/65 MP: 15/18
  8242 | D:7      | Noticed FromWork's ghost (novice DEBe)
  8242 | D:7      | Found a runed translucent gate.
  8244 | D:7      | Identified the +4 mace of Dishonour {speed, Str+3}
  8244 | D:7      | Identified the +2 chain mail of the Nexus {rPois Str+4}
  8371 | D:7      | Found a runed translucent gate.
  8371 | D:7      | Found a runed translucent gate.
  8377 | D:7      | Found a roughly hewn altar of Beogh.
  8661 | D:6      | Killed Grinder
  8820 | D:8      | Reached ** piety under Cheibriados
  8877 | D:8      | Learned a level 4 spell: Olgreb's Toxic Radiance
  9430 | D:8      | Found a shimmering altar of Xom.
  9430 | D:8      | Found a shimmering altar of Xom.
  9430 | D:8      | Found a shimmering altar of Xom.
  9431 | D:8      | Found a shimmering altar of Xom.
  9431 | D:8      | Found a shimmering altar of Xom.
  9431 | D:8      | Found a shimmering altar of Xom.
 10148 | D:9      | Reached skill level 5 in Invocations
 10204 | D:9      | Found an ornate altar of the Wu Jian Council.
 10300 | D:9      | Noticed a two-headed ogre
 10352 | D:9      | Reached *** piety under Cheibriados
 10353 | D:9      | Reached XP level 10. HP: 53/73 MP: 10/20
 10382 | D:9      | Reached skill level 5 in Fighting
 10382 | D:9      | Reached skill level 5 in Short Blades
 10382 | D:9      | Reached skill level 5 in Long Blades
 10382 | D:9      | Reached skill level 5 in Axes
 10382 | D:9      | Reached skill level 5 in Maces & Flails
 10382 | D:9      | Reached skill level 5 in Polearms
 10382 | D:9      | Reached skill level 5 in Staves
 10382 | D:9      | Reached skill level 5 in Slings
 10382 | D:9      | Reached skill level 5 in Bows
 10382 | D:9      | Reached skill level 5 in Crossbows
 10382 | D:9      | Reached skill level 5 in Throwing
 10382 | D:9      | Reached skill level 5 in Armour
 10382 | D:9      | Reached skill level 5 in Shields
 10382 | D:9      | Reached skill level 5 in Unarmed Combat
 10382 | D:9      | Reached skill level 5 in Evocations
 10691 | D:9      | HP: 3/74 [poisoned by a gnoll sergeant]
 11019 | D:9      | Killed a two-headed ogre
 11329 | D:9      | Reached skill level 5 in Transmutations
 11644 | D:9      | Found Ilupsel's Armour Shoppe.
 11732 | D:9      | Found a stormy altar of Qazlal.
 11991 | D:9      | Reached **** piety under Cheibriados
 12213 | D:9      | Found a staircase to the Orcish Mines.
 12485 | D:9      | Found a bloodstained altar of Trog.
 12562 | Orc:1    | Entered Level 1 of the Orcish Mines
 12566 | Orc:1    | Found a roughly hewn altar of Beogh.
 12566 | Orc:1    | Noticed an orc sorcerer
 12568 | Orc:1    | Killed an orc sorcerer
 12698 | Orc:1    | Reached XP level 11. HP: 81/81 MP: 6/22
 12869 | Orc:1    | Noticed Jorgrun
 13068 | Orc:1    | Found a roughly hewn altar of Beogh.
 13072 | Orc:1    | Noticed an orc knight
 13072 | Orc:1    | Noticed a stone giant
 13075 | Orc:1    | Hit by a large rock thrown by a stone giant

Illustrated notes

Levels and vault maps discovered:
D:1:      psy_arrival_terrarium, layout_basic, minivault_14, minmay_tromino_mix6
D:2:      layout_basic
D:3:      layout_loops_ring, nicolae_overflow_crystal_walls,
          amethyst_overflow_temple_binary, zin_scriptorium
D:4:      layout_loops_ring, nemelex_lonely_heart_becter, uniq_pikel
D:5:      layout_basic, lemuel_doored_altar, minmay_temple_entry_tees
D:6:      layout_loops_ring, overflow_temple_1_default, uniq_grinder
D:7:      layout_loops_ring, biasface_ghost_orc_armoury, minmay_holes
D:8:      layout_cave_pools, xom_redecorated, minmay_circle_x
D:9:      minmay_bubble_buster, layout_basic, lemuel_round_altar,
          lemuel_coloured_pillars_altar, nicolae_qazlal_style_of_elements,
          orc_0_dummy, serial_shops, nicolae_shop_window_shopping
Temple:   minmay_temple_forest_path
Orc:1:    layout_diamond_mine, hangedman_feature_mirror, uniq_jorgrun,
          uniq_nergalle

Skill      XL: |  1  2  3  4  5  6  7  8  9 10 |
---------------+-------------------------------+-----
Transmutations | 2 3 4 5 |  5.3
Spellcasting   | 5 6 7 |  7.8
Invocations    | 1 2 3 4 5 6 |  6.4
Fighting       | 1 2 3 4 5 |  5.8
Short Blades   | 1 2 3 4 5 |  5.8
Long Blades    | 1 2 3 4 5 |  5.8
Axes           | 1 2 3 4 5 |  5.8
Maces & Flails | 1 2 3 4 5 |  5.8
Polearms       | 1 2 3 4 5 |  5.8
Staves         | 1 2 3 4 5 |  5.8
Slings         | 1 2 3 4 5 |  5.8
Bows           | 1 2 3 4 5 |  5.8
Crossbows      | 1 2 3 4 5 |  5.8
Throwing       | 1 2 3 4 5 |  5.8
Armour         | 1 2 3 4 5 |  5.8
Shields        | 1 2 3 4 5 |  5.8
Unarmed Combat | 1 2 3 4 5 |  5.8
Evocations     | 1 2 3 4 5 |  5.8
Conjurations   | 1 2 3 4 |  4.8
Hexes          | 1 2 3 4 |  4.8
Summonings     | 1 2 3 4 |  4.8
Necromancy     | 1 2 3 4 |  4.8
Translocations | 1 2 3 4 |  4.8
Fire Magic     | 1 2 3 4 |  4.8
Ice Magic      | 1 2 3 4 |  4.8
Air Magic      | 1 2 3 4 |  4.8
Earth Magic    | 1 2 3 4 |  4.8
Dodging        | 5 6 7 |  7.5
Stealth        | 5 6 7 |  7.2
Poison Magic   | 6 7 |  7.4

Action                   |  1- 3 |  4- 6 |  7- 9 | 10-12 || total
-------------------------+-------+-------+-------+-------++-------
Melee: Whip              |    16 |       |       |       ||    16
       Bite              |     8 |     2 |    33 |    12 ||    55
       Mace              |    31 |       |       |       ||    31
       Rapier            |    20 |    28 |       |       ||    48
       Quarterstaff      |       |    26 |   256 |    56 ||   338
Throw: Dart              |       |       |     6 |       ||     6
 Cast: Sting             |    37 |    32 |    72 |    34 ||   175
       Poisonous Vapours |       |     1 |    10 |    32 ||    43
       Mephitic Cloud    |       |     1 |    26 |     6 ||    33
       Ignite Poison     |       |       |    10 |    16 ||    26
       Olgreb's Toxic Ra |       |       |     1 |     8 ||     9
Evoke: Wand              |       |       |       |     2 ||     2
  Use: Scroll            |       |     3 |    13 |     2 ||    18
       Potion            |       |       |     3 |     2 ||     5
 Stab: Sleeping          |     3 |     6 |     6 |       ||    15
       Confused          |       |       |     6 |       ||     6
       Distracted        |       |       |       |     1 ||     1
Armor: Robe              |     3 |       |       |       ||     3
       Leather armour    |    23 |     8 |     8 |     1 ||    40
       Ring mail         |       |       |    66 |    35 ||   101
Dodge: Dodged            |    65 |    45 |   270 |    94 ||   474
